 Dungeon Crawl Stone Soup version 0.31.0-11-ge490571c62 (webtiles) character file.

Game seed: 950473072745676136

33 qw the Shooter (level 3, -1/18 HPs)
             Began as a Spriggan Hunter on Feb 4, 2024.
             Slain by a ribbon worm (7 damage)
             ... on level 2 of the Dungeon.
             The game lasted 00:00:03 (1193 turns).

qw the Shooter (Spriggan Hunter)                    Turns: 1193, Time: 00:00:04

Health: -1/18      AC:  2    Str:  7    XL:     3   Next: 12%
Magic:  4/4        EV: 19    Int: 10    God:
Gold:   12         SH:  0    Dex: 20    Spells: 2/2 levels left

rFire   . . .        a - +0 shortbow
rCold   . . .        (shield currently unavailable)
rNeg    . . .        c - +0 robe
rPois   .            (helmet restricted)
rElec   .            (no cloak)
rCorr   .            (gloves unavailable)
SInv    +            (boots unavailable)
Will    .....        (no amulet)
Stlth   ++           (no ring)
HPRegen 0.23/turn    (no ring)
MPRegen 0.09/turn

%: no passive effects
@: very quick
A: very small, no large weapons, unfitting armour, see invisible, speed 3
a: no special abilities


You were on level 2 of the Dungeon.
You visited 1 branch of the dungeon, and saw 2 of its levels.

You collected 92 gold pieces.
You spent 80 gold pieces at shops.


Innate Abilities, Weirdness & Mutations

You are very small and have problems with some larger weapons.
You are too small for most types of armour.
You have supernaturally acute eyesight. (SInv)
You cover ground extremely quickly. (Speed+++)


   Skills:
 - Level 1.5 Fighting
 + Level 4.5 Ranged Weapons
 - Level 4.0 Dodging
 - Level 1.5 Stealth


You had 2 spell levels left.
You didn't know any spells.
Your spell library was empty.

Inventory:

Hand Weapons
 a - a +0 shortbow (weapon)
Armour
 c - a +0 robe (worn)
Scrolls
 b - 3 scrolls of identify
Potions
 d - a potion of heal wounds

Dungeon Overview and Level Annotations

Branches:
Dungeon (2/15)

Altars:

Shops:
D:2 ?


Message History

There are monsters nearby!
There are monsters nearby!
Enter note:
Enter note: You see here a +0 ring mail.
There are monsters nearby!
There are monsters nearby!
Enter note:
Enter note:
Enter note:
Enter note: You see here 8 stones.
A ribbon worm is nearby!
A ribbon worm is nearby!
Enter note:
Enter note: You shoot an arrow.
The arrow hits the ribbon worm.
The ribbon worm is lightly wounded.
The ribbon worm expels a string of sticky webbing.
The stream of webbing misses you.
You shoot an arrow. The arrow hits the ribbon worm.
The ribbon worm is lightly wounded.
You shoot an arrow.
The arrow hits the ribbon worm but does no damage.
The ribbon worm is lightly wounded.
The ribbon worm misses you.
You shoot an arrow. The arrow hits the ribbon worm!
The ribbon worm is heavily wounded.
The ribbon worm bites you!
You shoot an arrow. The arrow hits the ribbon worm.
The ribbon worm is almost dead.
The ribbon worm expels a string of sticky webbing.
The stream of webbing misses you.
You shoot an arrow. The arrow hits the ribbon worm.
The ribbon worm is almost dead.
The ribbon worm bites you.
You shoot an arrow.
The arrow barely misses the ribbon worm.
The ribbon worm bites you!
You die...

#.#.###...............##.....##
....................###..###..#
..........###!...####...##[..##
.............####........#####
..........#......####...##...##
..........##........###..###..#
...........##......(..##.....##
...........##.######...##...##
...........####.@w.##...#####
...........# #..##[##...#
...........###...###...##
............###.......##
...........\.####...###
................#####
...................#
...................#
#.#########........########


You could see a ribbon worm.

Vanquished Creatures
  A dart slug (D:1)
  A ribbon worm (D:2)
  5 endoplasms
  3 giant cockroaches (D:1)
  2 goblins
  4 hobgoblins
  A quokka (D:1)
  3 ball pythons (D:1)
  A frilled lizard (D:1)
  5 rats (D:1)
26 creatures vanquished.

Notes
Turn   | Place    | Note
-------+----------+-------------------------------------------
     0 | D:1      | qw the Spriggan Hunter began the quest for the Orb.
     0 | D:1      | Reached XP level 1. HP: 10/10 MP: 2/2
     0 | D:1      | 0 ||| qw: Version: 0.3-a-160-g6735b56
     0 | D:1      | 0 ||| qw: Game counter: 4896
     0 | D:1      | 0 ||| qw: Melee chars always use a shield: true
     0 | D:1      | 0 ||| qw: God list: Okawaru
     0 | D:1      | 0 ||| qw: Allow faded altars: false
     0 | D:1      | 0 ||| qw: Do Orc after clearing Dungeon:15 true
     0 | D:1      | 0 ||| qw: Do second Lair branch before Depths: true
     0 | D:1      | 0 ||| qw: Lair rune preference: random
     0 | D:1      | 0 ||| qw: Goals: Normal
     0 | D:1      | 0 ||| PLANNING D:1-11
    16 | D:1      | Reached skill level 3 in Dodging
   152 | D:1      | Reached XP level 2. HP: 14/14 MP: 3/3
   671 | D:1      | 671 ||| READING scroll labelled ROCKIP NEENGUPT.
   772 | D:1      | 772 ||| READING scroll labelled NUIXYIZXYO.
   772 | D:1      | 772 ||| IDENTIFYING brown potion
   773 | D:1      | 773 ||| DROPPING scroll of butterflies.
  1044 | D:2      | Reached XP level 3. HP: 18/18 MP: 4/4
  1047 | D:2      | Found Pounge's Magic Scroll Shoppe.
  1059 | D:2      | 1059 ||| BUYING 2 scrolls of identify (40 gold).
  1059 | D:2      | Bought 2 scrolls of identify for 40 gold pieces
  1059 | D:2      | 1059 ||| SHOPLISTING scroll of enchant weapon (75 gold,
                  | have 47).
  1059 | D:2      | 1059 ||| BUYING scroll of identify (20 gold).
  1059 | D:2      | Bought a scroll of identify for 20 gold pieces
  1059 | D:2      | 1059 ||| BUYING scroll of identify (20 gold).
  1059 | D:2      | Bought a scroll of identify for 20 gold pieces
  1059 | D:2      | 1059 ||| SHOPLISTING scroll of teleportation (30 gold, have
                  | 7).
  1098 | D:2      | 1098 ||| READING 5 scrolls of identify.
  1098 | D:2      | 1098 ||| IDENTIFYING coppery potion
  1099 | D:2      | 1099 ||| READING 4 scrolls of identify.
  1099 | D:2      | 1099 ||| IDENTIFYING pink potion
  1100 | D:2      | 1100 ||| DROPPING potion of degeneration.
  1101 | D:2      | 1101 ||| DROPPING potion of brilliance.
  1193 | D:2      | Slain by a ribbon worm

Levels and vault maps discovered:
D:1:      minmay_arrival_three_doors, layout_loops_ring
D:2:      layout_basic, serial_shops, shop,
          hangedman_abyss_or_decor_lesser_grid, corexii_shack,
          roderic_serpentine_path, minmay_puff

Skill      XL: |  1  2 |
---------------+-------+-----
Dodging        | 3 4 |  4.0
Fighting       | |  1.5
Ranged Weapons | |  4.5
Stealth        | |  1.5

Action                     || total
---------------------------++-------
   Fire: Shortbow          ||    72
    Use: Scroll            ||     4
 Armour: Robe              ||     8
  Dodge: Dodged            ||    11

Table legend:
 A = Non-vault XP
 B = Vault XP
 C = Vault XP percentage of total XP
 D = Non-vault monster count
 E = Vault monster count
 F = Vault count percentage of total count
                 A         B        C        D         E       F
            +---------+---------+-------+---------+---------+-------
      Total |      46 |       2 |   4.2 |      25 |       1 |   3.8
            +---------+---------+-------+---------+---------+-------
        D:1 |      34 |       0 |   0.0 |      20 |       0 |   0.0
        D:2 |      12 |       2 |  14.3 |       5 |       1 |  16.7
            +---------+---------+-------+---------+---------+-------
